 Dungeon Crawl Stone Soup version 0.25.0-9-g26727b657a (webtiles) character file.

Game seed: 10112218141349586511

9775 Exodus22XD the Spear-Bearer (level 11, -10/83 HPs)
             Began as a Demonspawn Gladiator on June 21, 2020.
             Was a Follower of Uskayaw.
             Mangled by Gastronok (28 damage)
             ... on level 1 of the Lair of Beasts.
             The game lasted 00:23:59 (10582 turns).

Exodus22XD the Spear-Bearer (Demonspawn Gladiator) Turns: 10582, Time: 00:23:59

Health: -10/83     AC:  8    Str: 17    XL:     11   Next: 27%
Magic:  7/17       EV: 15    Int: 10    God:    Uskayaw [*.....]
Gold:   860        SH: 16    Dex: 15    Spells: 10/10 levels left

rFire    + . .     SeeInvis .   a - +0 trident
rCold    . . .     Gourm    .   j - +0 buckler
rNeg     . . .     Faith    .   N - +2 troll leather armour
rPois    .         Spirit   .   c - +0 helmet
rElec    .         Reflect  +   y - scarf {harm}
rCorr    .         Harm     .   (no gloves)
MR       +....                  (boots unavailable)
Stlth    +++.......             I - amulet of reflection
HPRegen  0.63/turn              g - ring of protection from fire
MPRegen  0.15/turn              K - ring of protection from magic

@: no status effects
A: talons 3, large bone plates 2, powered by death 1
a: Stomp, Renounce Religion


You were on level 1 of the Lair of Beasts.
You worshipped Uskayaw.
Uskayaw was aware of your devotion.
You were hungry.

You visited 3 branches of the dungeon, and saw 11 of its levels.
You also visited: Ossuary.

You collected 860 gold pieces.

Inventory:

Hand Weapons
 a - a +0 trident (weapon)
 F - a +0 war axe of freezing
Missiles
 d - 5 throwing nets (quivered)
Armour
 c - a +0 helmet (worn)
 j - a +0 buckler (worn)
 n - a +0 scale mail
 y - a scarf of harm (worn)
 N - a +2 troll leather armour (worn)
Jewellery
 g - a ring of protection from fire (left hand)
 s - a cursed amulet of inaccuracy {unknown}
 z - an uncursed ring of ice
 H - an uncursed ring of resist corrosion
 I - an amulet of reflection (around neck)
 K - a ring of protection from magic (right hand)
 L - an uncursed ring of protection from cold
Wands
 e - a wand of flame (10)
 x - a wand of random effects (12)
 D - a wand of acid (12)
 J - a wand of iceblast (7)
Scrolls
 b - 2 scrolls of identify
 h - a scroll of blinking
 i - 2 scrolls of amnesia
 l - a scroll of enchant weapon {unknown}
 m - 6 scrolls of remove curse
 t - a scroll of fear {unknown}
 A - 2 scrolls of teleportation
 B - 4 scrolls of fog {unknown}
 M - a scroll of torment {unknown}
Potions
 k - a potion of brilliance
 o - a potion of resistance {unknown}
 p - a potion of lignification
 q - 2 potions of mutation {unknown}
 u - 3 potions of stabbing
 v - 2 potions of curing
 w - a potion of cancellation {unknown}
 C - a potion of berserk rage
 E - a potion of ambrosia
 G - 3 potions of degeneration {unknown}
Comestibles
 f - 18 rations
 r - 6 chunks of flesh


   Skills:
 + Level 6.4 Fighting
 - Level 1.5(6.2) Axes
 + Level 9.6(9.7) Polearms
 - Level 1.7 Throwing
 + Level 6.2 Armour
 + Level 5.5 Dodging
 + Level 4.4 Stealth
 - Level 5.0 Shields
 * Level 8.6 Invocations


You had 10 spell levels left.
You didn't know any spells.
Your spell library contained the following spells:

 Spells                   Type           Power        Failure   Level  Hunger
 Beastly Appendage        Tmut           #.....       41%         1    ##.....
 Sticks to Snakes         Tmut           #.......     56%         2    ###....
 Spider Form              Tmut/Pois      #.........   80%         3    ####...
 Ice Form                 Ice/Tmut       #.......     99%         4    #####..
 Blade Hands              Tmut           #.........   100%        5    ######.


Dungeon Overview and Level Annotations

Branches:
Dungeon (9/15)             Temple (1/1) D:4            Lair (1/6) D:9
Ossuary (visited)
    Orc: D:9-12

Altars:
Ashenzari
Cheibriados
Dithmenos
Elyvilon
Fedhas
Gozag
Hepliaklqana
Kikubaaqudgha
Makhleb
Nemelex Xobeh
Okawaru
Qazlal
Ru
Sif Muna
Trog
Uskayaw
Vehumet
Wu Jian
Xom
Yredelemnul
Zin
The Shining One

Shops:
D:3 *

Annotations:
D:4 2 transporters
Lair:1 Gastronok


Innate Abilities, Weirdness & Mutations

You have claws for feet.
You are mostly covered in large bone plates. (SH +6)
You regenerate a little health from kills.


Message History

Gastronok is almost dead.
You completely miss Gastronok.
Gastronok is almost dead.
You hit Gastronok. You claw Gastronok, but do no damage.
Gastronok is almost dead.
Gastronok bites you!!
* * * LOW HITPOINT WARNING * * *
You barely miss Gastronok.
Gastronok is almost dead.
Aiming: Line Pass
Press: ? - help, Dir - move target cursor, p - Gastronok Gastronok appears confused.
You feel somewhat more hungry.
You can no longer pass through a line of other dancers.
You puncture Gastronok! You claw Gastronok.
Gastronok is almost dead.
You are feeling hungry.
You hit Gastronok. You claw Gastronok.
Gastronok is almost dead.
Gastronok seems less confused.
Gastronok bites you!!
You die...

##### ##### #
##.#P###########P#.#.#####
.............#..@........#
..............#.w........#
...........##.+..).......#
...(.......#.##.........?.
###P#.#..##.###.#.##+###.#
###..###### #####..# #
##.## ##...# ##..#
###..########
###...######...........##


You could see Gastronok.

Vanquished Creatures
  3 death yaks (D:9)
  Pikel (D:4)
  A cyclops (D:8)
  A black mamba (Lair:1)
  2 trolls
  Grinder (D:4)
  5 blink frogs (Lair:1)
  2 hippogriffs
  Sigmund (D:4)
  Grum (D:9)
  3 hungry ghosts (D:9)
  2 water moccasins (Lair:1)
  A sky beast (D:9)
  A black bear (D:8)
  A slave (D:4)
  2 phantoms (D:4)
  2 ice beasts
  2 wolves (D:9)
  5 ogres
  2 centaurs
  3 crocodiles (Lair:1)
  2 big kobolds (D:9)
  2 elf zombies (Ossuary)
  4 bullfrogs
  3 scorpions
  6 killer bees (D:8)
  2 crimson imps
  2 centaur zombies
  3 bullfrog zombies
  A quasit (D:8)
  3 orc priests
  3 jellies
  7 hounds
  5 orc wizards
  Natasha (thrice) (D:4)
  An iguana (D:7)
  9 worker ants
  A killer bee zombie (D:8)
  3 big kobold zombies (Ossuary)
  A hound zombie (D:6)
  A hound skeleton (D:5)
  3 mummies
  3 gnolls (D:3)
  A howler monkey skeleton (D:4)
  6 adders
  2 shadow imps
  2 oozes
  An adder skeleton (D:5)
  An adder zombie (D:6)
  A worm (D:2)
  A dart slug (D:2)
  5 leopard geckos
  24 orcs
  5 giant cockroaches
  2 gnoll zombies (Ossuary)
  9 goblins
  13 hobgoblins
  2 quokkas
  7 bats
  5 frilled lizards
  A goblin zombie (Ossuary)
  4 hobgoblin zombies (Ossuary)
  24 kobolds
  A leopard gecko zombie (D:8)
  An orc zombie (Ossuary)
  A quokka skeleton (D:7)
  5 rats
234 creatures vanquished.

Vanquished Creatures (others)
  A slave (D:4)
1 creature vanquished.

Grand Total: 235 creatures vanquished

Notes
Turn   | Place    | Note
-------+----------+-------------------------------------------
     0 | D:1      | Exodus22XD the Demonspawn Gladiator began the quest for the
                  | Orb.
     0 | D:1      | Reached XP level 1. HP: 16/16 MP: 1/1
   103 | D:1      | Reached skill level 3 in Polearms
   153 | D:1      | Gained mutation: You have sharp toenails. [demonic
                  | ancestry]
   153 | D:1      | Reached XP level 2. HP: 5/22 MP: 2/2
  1050 | D:2      | Gained mutation: You are partially covered in large bone
                  | plates. (SH +4) [demonic ancestry]
  1050 | D:2      | Reached XP level 3. HP: 27/27 MP: 3/3
  1177 | D:2      | Found an iron altar of Okawaru.
  1418 | D:2      | Gained mutation: You regenerate a little health from kills.
                  | [demonic ancestry]
  1418 | D:2      | Reached XP level 4. HP: 32/34 MP: 4/4
  1541 | D:2      | Found a shattered altar of Ashenzari.
  1685 | D:3      | Found Zin's Purification Station.
  1688 | D:3      | Found a glowing silver altar of Zin.
  1821 | D:3      | Reached skill level 4 in Polearms
  1836 | D:3      | Reached skill level 1 in Shields
  1916 | D:3      | Found a snail-covered altar of Cheibriados.
  2091 | D:3      | Found a sacrificial altar of Ru.
  2128 | D:3      | Reached XP level 5. HP: 39/39 MP: 5/5
  2402 | D:4      | Reached skill level 1 in Armour
  2508 | D:4      | Gained mutation: You have razor-sharp toenails. [demonic
                  | ancestry]
  2508 | D:4      | Reached XP level 6. HP: 38/47 MP: 6/6
  2592 | D:4      | Noticed Natasha
  2607 | D:4      | Killed Natasha
  2641 | D:4      | Reached skill level 5 in Polearms
  2747 | D:4      | Noticed Sigmund
  2765 | D:4      | Killed Sigmund
  2765 | D:4      | Reached XP level 7. HP: 42/52 MP: 7/7
  2841 | D:4      | Noticed Grinder
  2873 | D:4      | Paralysed by Grinder for 5 turns
  2881 | D:4      | Paralysed by Grinder for 5 turns
  2885 | D:4      | HP: 1/52 [Grinder/nerve-wracking pain (10)]
  2908 | D:4      | Killed Grinder
  3178 | D:4      | Noticed Natasha
  3189 | D:4      | Killed Natasha
  3317 | D:4      | Reached skill level 6 in Polearms
  3579 | D:4      | Noticed Pikel
  3611 | D:4      | Killed Pikel
  3611 | D:4      | Gained mutation: You are mostly covered in large bone
                  | plates. (SH +6) [demonic ancestry]
  3611 | D:4      | Reached XP level 8. HP: 20/60 MP: 8/8
  3807 | D:4      | Found a transporter.
  3973 | D:4      | Noticed Natasha
  3981 | D:4      | Killed Natasha
  4029 | D:4      | Found a transporter.
  4044 | D:4      | Found an opulent altar of Gozag.
  4138 | D:4      | Found a staircase to the Ecumenical Temple.
  4147 | Temple   | Entered the Ecumenical Temple
  4166 | Temple   | Became a worshipper of Uskayaw the Reveler
  4371 | D:4      | Found a white marble altar of Elyvilon.
  4380 | D:4      | Found a bloodstained altar of Trog.
  4447 | D:5      | Entered Level 5 of the Dungeon
  4487 | D:5      | Reached * piety under Uskayaw
  4757 | D:5      | Reached ** piety under Uskayaw
  4821 | D:5      | Reached skill level 1 in Invocations
  4823 | D:5      | Reached *** piety under Uskayaw
  4830 | D:5      | Reached **** piety under Uskayaw
  5247 | D:6      | Reached skill level 1 in Stealth
  5303 | D:6      | Reached skill level 7 in Polearms
  5338 | D:6      | Reached XP level 9. HP: 40/65 MP: 10/10
  5664 | D:6      | Found a stormy altar of Qazlal.
  5804 | D:6      | Noticed a troll
  5816 | D:6      | Killed a troll
  5816 | D:6      | Reached skill level 5 in Shields
  6343 | D:7      | Reached skill level 5 in Armour
  7550 | D:8      | Reached ***** piety under Uskayaw
  7817 | D:8      | Found a sand-covered staircase.
  7831 | D:8      | Reached skill level 8 in Polearms
  7831 | D:8      | Reached skill level 5 in Invocations
  7855 | D:8      | Noticed a cyclops
  7864 | D:8      | Reached ****** piety under Uskayaw
  7869 | D:8      | Killed a cyclops
  7869 | D:8      | Reached skill level 5 in Fighting
  7869 | D:8      | Gained mutation: You have claws for feet. [demonic
                  | ancestry]
  7869 | D:8      | Reached XP level 10. HP: 57/74 MP: 12/14
  7963 | Ossuary  | Entered an ossuary
  8604 | D:8      | Found a shadowy altar of Dithmenos.
  9324 | D:9      | Noticed a death yak
  9324 | D:9      | Noticed Grum
  9327 | D:9      | Noticed a death yak
  9349 | D:9      | Noticed a death yak
  9367 | D:9      | Noticed a death yak
  9369 | D:9      | Noticed a death yak
  9564 | D:9      | Found a radiant altar of Vehumet.
  9566 | D:9      | Found an ancient bone altar of Kikubaaqudgha.
  9634 | D:9      | Killed Grum
  9634 | D:9      | Reached skill level 9 in Polearms
  9817 | D:9      | Killed a death yak
  9817 | D:9      | Reached skill level 5 in Dodging
  9835 | D:9      | Killed a death yak
  9850 | D:9      | Killed a death yak
  9850 | D:9      | Reached skill level 1 in Axes
  9850 | D:9      | Reached XP level 11. HP: 51/81 MP: 2/17
 10036 | D:9      | Found a staircase to the Lair.
 10303 | Lair:1   | Entered Level 1 of the Lair of Beasts
 10554 | Lair:1   | Noticed Gastronok
 10582 | Lair:1   | Mangled by Gastronok

Illustrated notes

Levels and vault maps discovered:
D:1:      eino_arrival_cavern_e, layout_rooms
D:2:      layout_loops_cross, old_standard_altar, kennysheep_crisscross,
          minmay_misc_feat_diagonals, okawaru_ov_weapons_minmay
D:3:      layout_loops_cross, zin_purify, cheibriados_altar_1,
          nicolae_ru_the_path_less_chosen
D:4:      gammafunk_steamed_eel, layout_basic, nicolae_gozag_seed_capital,
          minitemple, minmay_temple_entry_gardened_gates, first_ration,
          kennysheep_nub, uniq_grinder, uniq_natasha, uniq_pikel, uniq_sigmund
D:5:      layout_loops_ring, hex_medium
D:6:      layout_gridville, overflow_temple_1_default
D:7:      layout_basic
D:8:      layout_basic, kennysheep_little_box, gup_ossuary_entry_pyramid,
          grunt_ogre_cave
D:9:      layout_loops_ring, overflow_temple_1_default,
          overflow_temple_1_default, dpeg_lair_monsters, serial_bayou_crossing,
          uniq_grum
Temple:   chequers_temple_sunken
Lair:1:   layout_roguey [special_room_bee], chequers_serial_rivers_small_a,
          beast_lair_carwin_11, uniq_gastronok

Skill      XL: |  1  2  3  4  5  6  7  8  9 10 11 |
---------------+----------------------------------+-----
Polearms       | 3 4 5 6 7 8 9 |  9.6
Dodging        | 3 4 5 |  5.5
Shields        | 1 2 4 5 |  5.0
Armour         | 1 2 3 4 5 6 |  6.2
Fighting       | 3 4 5 6 |  6.4
Invocations    | 2 5 8 |  8.6
Stealth        | 1 2 3 4 |  4.4
Axes           | 1 |  1.5
Throwing       | |  1.7

Action                   |  1- 3 |  4- 6 |  7- 9 | 10-12 || total
-------------------------+-------+-------+-------+-------++-------
Melee: Trident           |   121 |   173 |   445 |   431 ||  1170
       Kick              |    22 |    41 |   133 |   133 ||   329
       War axe           |       |       |       |    40 ||    40
Invok: Stomp             |       |       |       |     4 ||     4
       Line Pass         |       |       |       |     4 ||     4
       Grand Finale      |       |       |       |     1 ||     1
  Use: Potion            |       |       |     5 |     6 ||    11
       Scroll            |       |       |     7 |     4 ||    11
 Stab: Paralysed         |       |       |    19 |    16 ||    35
       Sleeping          |       |       |       |     3 ||     3
  Eat: Chunk             |     2 |     4 |    12 |     9 ||    27
       Ration            |       |       |     2 |     1 ||     3
Armor: Leather armour    |    19 |       |       |       ||    19
       Ring mail         |     8 |       |       |       ||     8
       Scale mail        |    19 |    32 |    98 |    56 ||   205
       Skin              |       |       |     8 |     5 ||    13
       Troll leather arm |       |       |       |    13 ||    13
Dodge: Dodged            |    74 |    41 |   128 |   128 ||   371
Block: Buckler           |    13 |    46 |   220 |   282 ||   561
       Reflection        |       |       |       |     9 ||     9
